 Dungeon Crawl Stone Soup version 0.27.0-1-g7a089689b8 (webtiles) character file.

Game seed: 10065063308000929398

118810 ZombieSheep the Executioner (level 16, -5/150 HPs)
             Began as a Hill Orc Monk on Aug 3, 2021.
             Was the Champion of Makhleb.
             Killed from afar by Frances (33 damage)
             ... with an iron shot
             ... on level 2 of the Swamp.
             The game lasted 01:19:22 (31562 turns).

ZombieSheep the Executioner (Hill Orc Monk)        Turns: 31562, Time: 01:19:22

Health: -5/150     AC: 26    Str: 21    XL:     16   Next: 77%
Magic:  26/26      EV: 12    Int: 10    God:    Makhleb [******]
Gold:   2630       SH:  0    Dex: 16    Spells: 15/15 levels left

rFire    + . .     SeeInvis .   a - +3 executioner's axe (freeze)
rCold    + . .     Faith    .   (shield currently unavailable)
rNeg     . . .     Spirit   .   A - +2 plate armour {rPois}
rPois    +         Reflect  .   i - +1 hat
rElec    .         Harm     .   c - +0 cloak of Disaster {Str+3}
rCorr    +         Rampage  .   E - +2 pair of gloves
Will     +++..                  k - +0 pair of boots
Stlth    ..........             w - amulet of Topnai {rC+ Will+ Regen+ rCorr}
HPRegen  1.35/turn              J - ring of protection from fire
MPRegen  0.20/turn              V - ring of willpower

@: weakened, studying Short Blades
A: no striking features
a: Renounce Religion, Minor Destruction, Lesser Servant of Makhleb, Major
Destruction, Greater Servant of Makhleb


You were on level 2 of the Swamp.
You worshipped Makhleb.
Makhleb was exalted by your worship.
You visited 6 branches of the dungeon, and saw 27 of its levels.
You also visited: Sewer.

You collected 3095 gold pieces.
You spent 465 gold pieces at shops.

Inventory:

Hand Weapons
 a - a +3 executioner's axe of freezing (weapon)
 b - the +10 spear "Geutast" {freeze, Int+5 Dex+2}
   (You found it on level 8 of the Dungeon)

   It freezes those it strikes, dealing additional cold damage.
   It can also slow down cold-blooded creatures.
   Int:       It affects your intelligence (+5).
   Dex:       It affects your dexterity (+2).
 e - the +9 war axe of Tuetuf {elec, Will++ Str-4}
   (You found it on level 11 of the Dungeon)

   It occasionally discharges a powerful burst of electricity upon striking a
   foe.
   Str:       It affects your strength (-4).
   Will:      It greatly increases your willpower.
 v - a +1 battleaxe of flaming
 x - a +3 battleaxe
Armour
 c - the +0 cloak of Disaster (worn) {Str+3}
   (You acquired it on level 2 of the Dungeon)

   Str:       It affects your strength (+3).
 i - a +1 hat (worn)
 k - a +0 pair of boots (worn)
 r - a +1 scale mail of cold resistance
 A - a +2 plate armour of poison resistance (worn)
 E - a +2 pair of gloves (worn)
 R - the +1 ring mail "Omag Vut" {rC+++ Regen+ MP+9 Dex-2}
   (You found it on level 4 of the Lair of Beasts)

   Dex:       It affects your dexterity (-2).
   rC:        It renders you almost immune to cold.
   MP:        It affects your magic capacity (+9).
   Regen:     It increases your rate of health regeneration.
Jewellery
 w - the amulet of Topnai (around neck) {rC+ Will+ Regen+ rCorr}
   (You found it on level 14 of the Dungeon)

   [amulet of regeneration]

   rC:        It protects you from cold.
   Regen:     It increases your rate of health regeneration.
   rCorr:     It protects you from acid and corrosion.
   Will:      It increases your willpower.
 F - a ring of willpower
 J - a ring of protection from fire (left hand)
 V - a ring of willpower (right hand)
Wands
 d - a wand of paralysis (34)
 t - a wand of flame (52)
 u - a wand of polymorph (33)
 y - a wand of charming (10)
 C - a wand of acid (7)
 D - a wand of mindburst (35)
 Q - a wand of digging (5)
 U - a wand of iceblast (18)
Scrolls
 o - 6 scrolls of vulnerability
 p - 4 scrolls of teleportation
 z - 5 scrolls of amnesia
 G - a scroll of identify
 H - a scroll of summoning
 N - 3 scrolls of blinking
 O - 2 scrolls of enchant armour
 W - a scroll of magic mapping
 X - a scroll of holy word
Potions
 f - a potion of brilliance
 g - 3 potions of flight
 h - 3 potions of lignification
 j - a potion of might
 l - 3 potions of magic
 m - 8 potions of curing
 n - a potion of invisibility
 q - 3 potions of haste
 s - 2 potions of berserk rage
 B - 3 potions of resistance
 K - 3 potions of heal wounds
 M - 3 potions of cancellation {unknown}
 Z - 2 potions of mutation {unknown}


   Skills:
 + Level 15.7 Fighting
 * Level 21.6 Axes
 + Level 14.2 Armour
 + Level 11.6 Dodging
 - Level 1.5 Stealth
 - Level 13.3 Invocations


You had 15 spell levels left.
You didn't know any spells.
Your spell library contained the following spells:

 Spells                   Type           Power      Damage    Failure   Level
 Beastly Appendage        Tmut           0%         N/A       99%         1
 Corona                   Hex            0%         N/A       99%         1
 Pain                     Necr           0%         1d4       99%         1
 Blink                    Tloc           N/A        N/A       99%         2
 Ensorcelled Hibernation  Hex/Ice        0%         N/A       99%         2
 Wereblood                Tmut           0%         N/A       99%         2
 Gell's Gravitas          Tloc           0%         N/A       100%        3
 Lesser Beckoning         Tloc           0%         N/A       100%        3
 Spider Form              Tmut/Pois      0%         N/A       100%        3
 Teleport Other           Tloc           0%         N/A       100%        3
 Tukima's Dance           Hex            0%         N/A       100%        3
 Passage of Golubria      Tloc           N/A        N/A       100%        4
 Petrify                  Tmut/Erth      0%         N/A       100%        4
 Agony                    Necr           0%         N/A       100%        5
 Alistair's Intoxication  Tmut/Pois      0%         N/A       100%        5
 Borgnjor's Vile Clutch   Necr/Erth      0%         N/A       100%        5
 Excruciating Wounds      Necr           0%         N/A       100%        5
 Manifold Assault         Tloc           0%         N/A       100%        5
 Metabolic Englaciation   Hex/Ice        0%         N/A       100%        5
 Yara's Violent Unravell  Hex/Tmut       0%         3d3       100%        5
 Eringya's Noxious Bog    Tmut/Pois      0%         N/A       100%        6
 Statue Form              Tmut/Erth      0%         N/A       100%        6


Dungeon Overview and Level Annotations

Branches:
Dungeon (15/15)            Temple (1/1) D:7            Lair (6/6) D:8
  Swamp (2/4) Lair:2        Snake (1/4) Lair:4        Slime (0/5) Lair:6
    Orc (2/2) D:12            Elf (0/3) Orc:2        Vaults (0/5) D:14
 Depths (0/5) D:15          Sewer (visited)

Altars:
Ashenzari
Cheibriados
Dithmenos
Elyvilon
Fedhas
Gozag
Hepliaklqana
Kikubaaqudgha
Makhleb
Nemelex Xobeh
Okawaru
Qazlal
Ru
Sif Muna
Trog
Uskayaw
Vehumet
Wu Jian
Xom
Yredelemnul
Zin
The Shining One
Beogh

Shops:
D:3 (   D:4 (   Orc:2 *!*[

Portals:
Trove: D:15 (give +3 shadow dragon scales)

Annotations:
D:8 1 runed translucent door, Ekaitz's ghost, novice TrMo
D:14 2 transporters, Kapsuk's ghost, journeyman DECj; Roxanne
Lair:1 exclusion: 3 oklob plants
Lair:5 3 runed translucent doors, Bolunijamo's ghost, journeyman GnFi
Swamp:2 Frances
Snake:1 Aizul


Message History

You slice the orange demon!! You freeze the orange demon!
Frances splashes around in the water.
The orange demon splashes around in the water.
You hit Frances. You freeze Frances.
Frances is heavily wounded.
You closely miss the orange demon. Frances barely misses you.
The orange demon splashes around in the water.
The orange demon hits you.
You feel your attacks grow feeble. The orange demon stings you from afar.
As you read the scroll of holy word, it crumbles to dust.
You speak a Word of immense power!
The orange demon convulses!
You kill the orange demon!
The chaos spawn convulses!
You kill the chaos spawn!
The chaos spawn degenerates into a cloud of primal chaos!
The orange demon convulses!
Frances hits you but does no damage. Frances barely misses you.
The orange demon is lost in a daze.
You barely miss Frances.
Frances is heavily wounded.
Frances whispers indecipherable words.
The iron shot hits you!!
The orange demon stings you but does no damage.
You hit Frances. You freeze Frances.
Frances is heavily wounded.
Frances hits you with a +0 flail!
* * * LOW HITPOINT WARNING * * *
Frances splashes around in the water.
The orange demon splashes around in the water.
You closely miss Frances.
Frances is heavily wounded.
Frances whispers indecipherable words.
The shard of ice hits you!! You partially resist.
* * * LOW HITPOINT WARNING * * *
You closely miss Frances.
Frances is heavily wounded.
The orange demon disappears in a puff of smoke!
Frances whispers indecipherable words.
The iron shot hits you!!
You die...

♣♣♣♣ ♣♣♣♣♣≈.♣♣
♣♣≈≈....≈♣ ♣ ..
♣♣♣..≈≈≈≈..♣♣♣≈♣.≈≈.
♣♣♣♣(≈≈≈≈§§≈≈≈.....♣♣≈
.≈≈.§≈≈≈≈≈≈≈≈§.≈...[..≈
≈...≈≈≈≈§≈≈≈@≈♣♣♣♣♣.≈≈≈
≈...≈≈†≈≈≈≈@♣♣♣ ≈≈≈
...§♣♣♣.≈.♣♣♣♣♣♣ ≈ §≈..
♣......≈.♣♣ §≈≈
♣≈.≈≈.≈≈.≈♣♣ ≈≈
♣.≈≈≈.≈≈≈.≈♣
♣..≈≈♣♣....♣
♣≈♣.≈.♣♣♣≈..♣♣♣ ♣♣♣♣♣♣♣
♣♣...≈♣♣ ♣≈♣♣♣♣♣♣♣...≈♣
♣≈..≈≈


You could see Frances (fast, strong).

Vanquished Creatures
  Donald (Orc:2)
  A fenstrider witch (Swamp:1)
  An orc warlord (Orc:1)
  A stone giant (D:15)
  Nessos (D:14)
  A bunyip (Swamp:2)
  3 dire elephants
  Snorg (D:11)
  A fire dragon (Lair:6)
  3 catoblepae
  5 vault guards (D:14)
  8 hydras
  6 boulder beetles
  2 ogre magi
  4 alligators (Swamp:1)
  A centaur warrior (D:14)
  An anaconda (Lair:6)
  3 tengu warriors (D:15)
  7 two-headed ogres
  5 death yaks (Lair:1)
  A shock serpent (Lair:4)
  Sonja (D:11)
  2 goliath frogs
  7 skeletal warriors
  A fire crab (shapeshifter) (D:13)
  2 bog bodies
  A swamp dragon (Lair:6)
  A deep elf pyromancer (D:15)
  3 orc knights
  A necromancer (Lair:3)
  5 manticores
  A lindwurm (Lair:6)
  2 wolf spiders (Lair:6)
  6 ugly things
  2 cyclopes
  A will-o-the-wisp (Swamp:1)
  A moth of wrath (D:6)
  13 elephants (Lair:5)
  2 black mambas
  17 cane toads
  A cane toad (shapeshifter) (D:14)
  2 gargoyles (D:14)
  Psyche (D:11)
  3 efreet
  7 rime drakes
  2 tengu conjurers (D:14)
  2 freezing wraiths
  An unseen horror (D:10)
  3 kobold demonologists
  10 komodo dragons
  5 trolls
  A polar bear (Lair:6)
  5 tyrant leeches
  5 dream sheep
  A wind drake (shapeshifter) (D:15)
  53 blink frogs
  Prince Ribbit (Lair:2)
  2 slime creatures (D:12)
  2 vampires
  A spriggan (Lair:5)
  A human (D:14)
  8 basilisks
  55 yaks
  9 wyverns
  15 vampire mosquitoes
  3 steam dragons
  5 wargs
  5 swamp worms
  An acid dragon (shapeshifter) (D:13)
  2 acid dragons
  21 water moccasins
  2 ice beasts (D:7)
  37 orc warriors
  A black bear (D:5)
  5 ogres
  3 necrophages
  21 wolves
  18 centaurs
  10 bullfrogs
  2 kobold brigands
  2 gnoll sergeants
  A scorpion (D:4)
  6 killer bees
  9 wights
  2 electric eels
  6 howler monkeys
  A centaur zombie (D:9)
  12 orc priests
  A centaur skeleton (D:5)
  2 hounds
  3 jellies
  A gnoll shaman (D:4)
  A bullfrog skeleton (D:4)
  8 iguanas
  6 hell rats
  2 polar bear simulacra (Lair:3)
  Ijyb (D:3)
  13 orc wizards
  4 yak simulacra (Lair:3)
  2 wolf simulacra (Lair:3)
  A hound skeleton (D:5)
  A howler monkey zombie (D:9)
  2 howler monkey skeletons
  11 gnolls
  8 adders
  3 white imps
  2 adder skeletons (D:4)
  A worm (D:6)
  3 dart slugs
  66 orcs
  8 ball pythons
  10 endoplasms
  6 giant cockroaches
  9 goblins
  12 hobgoblins
  22 jackals
  3 quokkas
  11 bats
  3 frilled lizards
  24 kobolds
  6 rats
  3 river rat simulacra (Lair:3)
756 creatures vanquished.

Vanquished Creatures (collateral kills)
  Rupert (Orc:2)
  An orc warrior (Orc:2)
  A centaur (Orc:2)
  An orc priest (Orc:2)
4 creatures vanquished.

Vanquished Creatures (others)
  A bunyip (Swamp:2)
  3 bloated husks
  A hell rat (Lair:6)
  A bush (Lair:6)
  2 foxfires (Swamp:1)
  91 fungi
  128 plants
227 creatures vanquished.

Grand Total: 987 creatures vanquished

Notes
Turn   | Place    | Note
-------+----------+-------------------------------------------
     0 | D:1      | ZombieSheep the Hill Orc Monk began the quest for the Orb.
     0 | D:1      | Reached XP level 1. HP: 19/19 MP: 1/1
   241 | D:1      | Reached XP level 2. HP: 24/27 MP: 2/2
   942 | D:2      | Reached skill level 1 in Armour
   964 | D:2      | Reached XP level 3. HP: 32/33 MP: 3/3
  1556 | D:2      | Reached skill level 5 in Axes
  1692 | D:2      | Reached XP level 4. HP: 31/40 MP: 4/4
  2263 | D:2      | Identified 2 scrolls of acquirement
  2263 | D:2      | Acquired a manual of Axes
  2265 | D:2      | Acquired the +0 cloak of Disaster {Str+3}
  2396 | D:3      | Found Derhel's Weapon Shop.
  2473 | D:3      | Found a glowing drain.
  2495 | Sewer    | Entered a sewer
  2761 | Sewer    | Reached skill level 6 in Axes
  2761 | Sewer    | Reached XP level 5. HP: 46/47 MP: 5/5
  3514 | D:3      | Noticed a necrophage
  3521 | D:3      | Killed a necrophage
  3522 | D:3      | Reached skill level 7 in Axes
  3522 | D:3      | Reached XP level 6. HP: 55/55 MP: 6/6
  3651 | D:3      | Noticed Ijyb
  3664 | D:3      | Killed Ijyb
  3761 | D:3      | Noticed a necrophage
  3782 | D:3      | Killed a necrophage
  3783 | D:3      | Reached skill level 5 in Fighting
  3783 | D:3      | Reached skill level 8 in Axes
  4054 | D:4      | Found Ziudghiri's Firing Range.
  4246 | D:4      | Reached XP level 7. HP: 61/61 MP: 7/7
  4500 | D:4      | Reached skill level 9 in Axes
  5337 | D:5      | Entered Level 5 of the Dungeon
  5438 | D:5      | Reached skill level 10 in Axes
  5956 | D:5      | Reached XP level 8. HP: 60/70 MP: 8/8
  6658 | D:6      | Reached skill level 11 in Axes
  6743 | D:6      | Noticed a moth of wrath
  6746 | D:6      | Found a bloodstained altar of Trog.
  6781 | D:6      | Killed a moth of wrath
  6782 | D:6      | Reached skill level 12 in Axes
  6830 | D:6      | Reached skill level 5 in Armour
  7195 | D:6      | Reached XP level 9. HP: 35/79 MP: 9/9
  7556 | D:7      | Reached skill level 13 in Axes
  7851 | D:7      | Found a staircase to the Ecumenical Temple.
  7863 | Temple   | Entered the Ecumenical Temple
  7968 | Temple   | Became a worshipper of Makhleb the Destroyer
  7968 | Temple   | Reached * piety under Makhleb
  7968 | Temple   | Reached ** piety under Makhleb
  8086 | D:7      | Reached skill level 5 in Dodging
  8703 | D:8      | Identified the +10 spear "Geutast" {freeze, Int+5 Dex+2}
  8729 | D:8      | Reached skill level 14 in Axes
  9121 | D:8      | Reached skill level 15 in Axes
  9150 | D:8      | Reached XP level 10. HP: 88/88 MP: 10/10
  9638 | D:8      | Found a staircase to the Lair.
  9697 | D:8      | Found a runed translucent door.
  9697 | D:8      | Noticed Ekaitz's ghost (novice TrMo)
  9698 | D:8      | Identified the +9 spear of Demonkind {vamp, MP+9 Str-5
                  | Dex-4 SInv}
  9956 | D:9      | Reached *** piety under Makhleb
  9965 | D:9      | Reached skill level 16 in Axes
 10568 | D:10     | Entered Level 10 of the Dungeon
 10619 | D:9      | Reached skill level 17 in Axes
 10708 | D:10     | Reached skill level 1 in Invocations
 10737 | D:10     | Reached XP level 11. HP: 92/97 MP: 10/12
 11257 | D:10     | Reached **** piety under Makhleb
 11672 | Lair:1   | Entered Level 1 of the Lair of Beasts
 11747 | Lair:1   | Reached skill level 10 in Fighting
 11905 | Lair:1   | Noticed a death yak
 11905 | Lair:1   | Noticed a death yak
 11905 | Lair:1   | Noticed a death yak
 11905 | Lair:1   | Noticed a death yak
 11905 | Lair:1   | Noticed a death yak
 11971 | Lair:1   | Killed a death yak
 11976 | Lair:1   | Killed a death yak
 11984 | Lair:1   | Killed a death yak
 12165 | Lair:1   | Reached skill level 5 in Invocations
 12260 | Lair:1   | Killed a death yak
 12279 | Lair:1   | Killed a death yak
 12280 | Lair:1   | Reached XP level 12. HP: 108/108 MP: 16/16
 12376 | Lair:1   | Noticed a seven-headed hydra
 12589 | Lair:1   | Reached skill level 18 in Axes
 13322 | Lair:1   | Killed a seven-headed hydra
 13402 | Lair:2   | Found a staircase to the Swamp.
 13414 | Lair:2   | Reached skill level 10 in Armour
 13541 | Lair:2   | Reached ***** piety under Makhleb
 13603 | Lair:2   | Noticed Prince Ribbit
 13618 | Lair:2   | Killed Prince Ribbit
 14776 | Lair:3   | Reached XP level 13. HP: 108/117 MP: 19/19
 14830 | Lair:3   | You fall into a shaft and drop 2 floors!
 15128 | Lair:5   | Found a hide-covered altar of Uskayaw.
 16369 | Lair:4   | Found a staircase to the Snake Pit.
 17408 | Lair:4   | Identified the +1 ring mail "Omag Vut" {rC+++ Regen+ MP+9
                  | Dex-2}
 17660 | Lair:5   | Noticed a dire elephant
 17697 | Lair:5   | Killed a dire elephant
 17702 | Lair:5   | Reached skill level 10 in Invocations
 17744 | Lair:5   | Reached skill level 19 in Axes
 17846 | Lair:5   | Noticed Bolunijamo's ghost (journeyman GnFi)
 17884 | Lair:5   | Found a runed translucent gate.
 18303 | Lair:5   | Reached XP level 14. HP: 127/127 MP: 21/21
 18413 | Lair:5   | Found a runed translucent gate.
 18414 | Lair:5   | Found a runed translucent gate.
 18689 | Lair:6   | Entered Level 6 of the Lair of Beasts
 18908 | Lair:5   | Reached ****** piety under Makhleb
 19333 | Lair:6   | Found a staircase to the Slime Pits.
 19547 | Lair:6   | Noticed a dire elephant
 19584 | Lair:6   | Killed a dire elephant
 19812 | Lair:6   | Noticed a dire elephant
 19846 | Lair:6   | Killed a dire elephant
 20069 | Lair:6   | Reached skill level 10 in Dodging
 21551 | D:11     | Noticed Psyche
 21562 | D:11     | Killed Psyche
 21739 | D:11     | Reached XP level 15. HP: 137/138 MP: 24/24
 21753 | D:11     | Noticed Sonja
 21774 | D:11     | Killed Sonja
 22003 | D:11     | Identified the +9 war axe of Tuetuf {elec, Will++ Str-4}
 22125 | D:11     | Noticed Snorg
 22145 | D:11     | Killed Snorg
 22657 | D:12     | Reached skill level 20 in Axes
 23179 | D:12     | You fall into a shaft and drop 1 floor!
 23538 | D:13     | Identified the +1 longbow of Ytoac {speed, Str+2}
 24483 | D:12     | Found a staircase to the Orcish Mines.
 25786 | D:14     | Identified the amulet of Topnai {rC+ Will+ Regen+ rCorr}
 25829 | D:14     | Identified Roxanne's Catalogue of the Mountains
 25829 | D:14     | Noticed Roxanne
 26379 | D:14     | Found a transporter.
 26384 | D:14     | Found the macabre finger necklace {rN+}
 26396 | D:14     | Found a transporter.
 26396 | D:14     | Noticed Nessos
 26405 | D:14     | Noticed Kapsuk's ghost (journeyman DECj)
 26407 | D:14     | Killed Nessos
 26771 | D:14     | Acquired a +2 executioner's axe of freezing
 26792 | D:14     | Found a gate to the Vaults.
 26817 | D:14     | Reached XP level 16. HP: 103/147 MP: 26/26
 26898 | D:15     | Entered Level 15 of the Dungeon
 26984 | D:15     | Reached skill level 15 in Fighting
 27146 | D:15     | Found a staircase to the Depths.
 27752 | D:15     | Found a portal to a secret trove of treasure.
 27875 | Orc:1    | Entered Level 1 of the Orcish Mines
 28111 | Orc:2    | Entered Level 2 of the Orcish Mines
 28121 | Orc:2    | Noticed Rupert
 28131 | Orc:2    | Killed Rupert
 28151 | Orc:2    | Noticed Donald
 28268 | Orc:2    | Killed Donald
 28269 | Orc:2    | Reached skill level 21 in Axes
 29131 | Orc:2    | Found a staircase to the Elven Halls.
 29529 | Orc:1    | Found a roughly hewn altar of Beogh.
 29819 | Orc:2    | Found Gunnearha's Distillery.
 29819 | Orc:2    | Found Peliabuck's General Store.
 29821 | Orc:2    | Found Opsuofir's Antique Armour Shop.
 29823 | Orc:2    | Found Laplon's General Store.
 29827 | Orc:2    | Bought a potion of degeneration for 12 gold pieces
 29831 | Orc:2    | Bought an embroidered hat for 273 gold pieces
 29841 | Orc:2    | Bought a potion of heal wounds for 60 gold pieces
 29841 | Orc:2    | Bought a potion of haste for 120 gold pieces
 29946 | Orc:2    | Found a roughly hewn altar of Beogh.
 30323 | Snake:1  | Entered Level 1 of the Snake Pit
 30331 | Snake:1  | Noticed Aizul
 30476 | Swamp:1  | Entered Level 1 of the Swamp
 30879 | Swamp:1  | Noticed a fenstrider witch
 30896 | Swamp:1  | Killed a fenstrider witch
 31537 | Swamp:2  | Noticed Frances
 31562 | Swamp:2  | Killed from afar by Frances

Illustrated notes

Levels and vault maps discovered:
D:1:      dpeg_arrival_lava_temple_mockup, layout_basic
D:2:      layout_basic
D:3:      layout_loops_ring, portal_sewer_entry_f, serial_shops, shop,
          kennysheep_minor_cross, roderic_batcave, uniq_ijyb
D:4:      layout_basic, columned_hall_lemuel, grunt_ministairs_7,
          minmay_misc_feat_rows, nicolae_shop_firing_range
D:5:      layout_loops_cross
D:6:      layout_basic, tgw_trog, minmay_quadrilaterals
D:7:      layout_loops_ring, minmay_temple_entry_gardened_gates
D:8:      layout_basic, david_lair_shrubbed, ebering_ghost_funeral_grove
D:9:      layout_loops_ring, wad_floor_pattern_2, serial_bayou_pond_e
D:10:     layout_cave_pools
D:11:     layout_gridville, uniq_sonja, uniq_psyche, uniq_snorg
D:12:     layout_loops_ring, erik_orc_3
D:13:     layout_long_grid
D:14:     layout_gridville, grunt_vaults_entry_fortified,
          gammafunk_ghost_berserking_beasts, minmay_misc_feat_square,
          kennysheep_potato, uniq_nessos, uniq_roxanne
D:15:     grunt_enter_depths_snipers, layout_loops_ring, grunt_decor_resistance,
          nicolae_trove_entry_crystal
Temple:   kilobyte_greek_temple
Lair:1:   layout_chaotic_city, guppyfry_lair_drakes, minmay_lair_oklob_chamber,
          lemuel_fruit_fields, lemuel_fruit_fields
Lair:2:   layout_roguey, skrybe_swamp_entry_bodies, uniq_prince_ribbit2
Lair:3:   layout_concentric_octagons, eino_house_with_fridge,
          serial_bayou_shore_a
Lair:4:   layout_concentric_octagons, dummy_snake_entry, minmay_holes,
          beast_lair_carwin_10
Lair:5:   mu_elephants_graveyard, layout_gridlike, basic_altar,
          gammafunk_ghost_split
Lair:6:   hangedman_lair_in_review, layout_long_grid, guppyfry_lair_end_dragon,
          nicolae_slime_entry_slimehenge, minivault_24
Swamp:1:  layout_basic_swamp, evilmike_swamp_ruin_rubble_2
Swamp:2:  layout_basic_swamp, nicolae_swamp_treefoil, swamp_pool5, uniq_frances
Snake:1:  layout_onion, serial_shops, shop, serial_bayou_pond_b, drop_trap,
          uniq_aizul
Orc:1:    layout_caves, minmay_orc_temple_b
Orc:2:    st_orc_rangers, layout_diamond_mine, basic_altar, uniq_donald,
          uniq_rupert

Skill      XL: |  1  2  3  4  5  6  7  8  9 10 11 12 13 14 15 16 |
---------------+-------------------------------------------------+-----
Armour         | 1 2 3 4 5 6 7 9 10 11 12 13 14 | 14.2
Fighting       | 4 5 7 8 9 10 11 12 14 15 | 15.7
Axes           | 5 6 7 8 10 12 15 17 18 19 20 21 | 21.6
Dodging        | 3 4 5 6 7 8 9 10 11 | 11.6
Invocations    | 1 5 8 10 12 13 | 13.3
Stealth        | |  1.5

Action                   |  1- 3 |  4- 6 |  7- 9 | 10-12 | 13-15 | 16-18 || total
-------------------------+-------+-------+-------+-------+-------+-------++-------
Melee: Hand axe          |   148 |   276 |   147 |       |       |       ||   571
       War axe           |       |       |   167 |       |       |       ||   167
       Battleaxe         |       |       |    47 |   238 |   484 |    11 ||   780
       Spear             |       |       |    15 |   343 |  1055 |       ||  1413
       Executioner's axe |       |       |       |       |    11 |   384 ||   395
Throw: Throwing net      |       |     1 |       |     1 |     1 |       ||     3
Invok: Greater Servant o |       |       |       |       |       |     3 ||     3
       Major Destruction |       |       |       |       |       |     1 ||     1
Evoke: Wand              |       |       |     1 |     5 |     4 |       ||    10
  Use: Scroll            |     4 |     9 |     5 |     8 |     6 |     4 ||    36
       Potion            |     2 |       |       |     2 |     6 |     4 ||    14
 Stab: Sleeping          |     1 |       |       |       |       |       ||     1
       Held in net/web   |       |     2 |       |       |     1 |       ||     3
       Invisible         |       |       |       |       |    11 |       ||    11
       Paralysed         |       |       |       |       |     2 |       ||     2
       Distracted        |       |       |       |       |       |     1 ||     1
Armor: Leather armour    |    33 |       |       |       |       |       ||    33
       Robe              |     1 |       |       |       |       |       ||     1
       Scale mail        |    14 |     7 |       |       |       |       ||    21
       Chain mail        |       |   159 |   164 |       |       |       ||   323
       Plate armour      |       |       |       |   265 |   564 |   282 ||  1111
Dodge: Dodged            |    91 |   120 |   135 |   175 |   541 |   234 ||  1296
